 Dungeon Crawl Stone Soup version 0.25.1-8-g42b30a86e7 (webtiles) character file.

Game seed: 3600662258604174334

1176 Destapler the Chopper (level 8, -7/102 HPs)
             Began as a Hill Orc Wanderer on Dec 19, 2020.
             Was a Follower of Elyvilon.
             Mangled by an orc warrior
             ... wielding a +0 dire flail
              (9 damage)
             ... on level 6 of the Dungeon.
             The game lasted 00:20:00 (6626 turns).

Destapler the Chopper (Hill Orc Wanderer)           Turns: 6626, Time: 00:20:01

Health: -7/102     AC: 10    Str: 26    XL:     8   Next: 41%
Magic:  10/10      EV: 12    Int: 12    God:    Elyvilon [*.....]
Gold:   225        SH:  0    Dex:  7    Spells: 7/7 levels left

rFire    . . .     SeeInvis .   a - +3 hand axe
rCold    . . .     Gourm    .   (no shield)
rNeg     . . .     Faith    .   p - +3 leather armour
rPois    .         Spirit   .   (no helmet)
rElec    .         Reflect  .   q - +0 cloak
rCorr    .         Harm     .   h - +0 pair of gloves
MR       .....                  w - +0 pair of boots
Stlth    ..........             (no amulet)
HPRegen  0.27/turn              j - +6 ring of strength
MPRegen  0.12/turn              (no ring)

@: berserking (expiring), flying, very quick
A: no striking features
a: Lesser Healing, Divine Protection, Renounce Religion


You were on level 6 of the Dungeon.
You worshipped Elyvilon.
Elyvilon was aware of your devotion.
You were near starving.

You visited 1 branch of the dungeon, and saw 6 of its levels.

You collected 225 gold pieces.

Inventory:

Hand Weapons
 a - a +3 hand axe (weapon)
Missiles
 c - a curare-tipped dart (quivered)
 k - 4 boomerangs
 m - 4 javelins
Armour
 h - a +0 pair of gloves (worn)
 p - a +3 leather armour (worn)
 q - a +0 cloak (worn)
 w - a +0 pair of boots (worn)
Jewellery
 j - a +6 ring of strength (left hand)
 o - an uncursed ring of ice
Wands
 e - a wand of iceblast (23)
Scrolls
 b - 2 scrolls of teleportation
 f - 3 scrolls of identify
 s - a scroll of remove curse
 u - 2 scrolls of blinking {unknown}
 v - a scroll of random uselessness {unknown}
 x - 2 scrolls of fear {unknown}
Potions
 i - 2 potions of stabbing
 r - a potion of curing {unknown}
Comestibles
 d - 8 rations


   Skills:
 + Level 5.1 Fighting
   Level 1.1 Long Blades
 + Level 6.2 Axes
 - Level 3.0 Throwing
 + Level 6.1 Armour
 + Level 2.2 Dodging
 + Level 0.9 Stealth
   Level 1.1 Shields
 + Level 1.3 Invocations
 + Level 3.2 Evocations


You had 7 spell levels left.
You didn't know any spells.
Your spell library was empty.

Dungeon Overview and Level Annotations

Branches:
Dungeon (6/15)
 Temple: D:4-7

Altars:
Ashenzari
Elyvilon
Qazlal
Trog
Wu Jian

Shops:
D:5 (   D:6 %


Message History

The orc warrior is lightly wounded.
Okay, then.
You closely miss the orc warrior.
The orc warrior is lightly wounded.
The orc warrior barely misses you.
You barely miss the orc warrior.
The orc warrior is lightly wounded.
You closely miss the orc warrior.
The orc warrior is lightly wounded.
The orc warrior hits you with a +0 dire flail.
* * * LOW HITPOINT WARNING * * *
You hit the orc warrior.
The orc warrior is moderately wounded.
The orc warrior completely misses you.
You closely miss the orc warrior.
The orc warrior is moderately wounded.
You slash the orc warrior!
The orc warrior is heavily wounded.
The orc warrior hits you with a +0 dire flail!
You die...

#?...oo8....# .
.............###.. ##..
#.∩......... . ...##
##........... . #.
.$..###..<....##.. ..#.#
#...§.#.#..#[<# .#...#
#§.....#8.#)##
$.....###§§......>#÷####..
#....#§@o#.....([.).....
#..§.§§§##.......##....
###.$§§§###......##..##
#####§..#.....##...#
#..##..........# #
#..#[..........#.#
##...............#
#............<...#
##............##.#


You could see an orc warrior.

Vanquished Creatures
  A sky beast (D:5)
  A black bear (D:6)
  An ogre (D:5)
  A centaur (D:5)
  A scorpion (D:5)
  A wight (D:5)
  A crimson imp (D:5)
  A centaur skeleton (D:5)
  2 orc priests (D:6)
  3 hounds
  Ijyb (D:3)
  An iguana (D:5)
  7 orc wizards
  A worker ant (D:4)
  A hound zombie (D:5)
  4 gnolls (D:4)
  8 adders
  An ooze (D:5)
  An adder skeleton (D:5)
  4 worms
  2 dart slugs
  5 leopard geckos
  16 orcs
  A ball python (D:3)
  4 giant cockroaches
  6 goblins
  8 hobgoblins
  14 jackals
  3 quokkas
  3 bats (D:2)
  3 frilled lizards
  A jackal skeleton (D:4)
  7 kobolds
  8 rats
123 creatures vanquished.

Notes
Turn   | Place    | Note
-------+----------+-------------------------------------------
     0 | D:1      | Destapler the Hill Orc Wanderer began the quest for the
                  | Orb.
     0 | D:1      | Destapler set off with the following items: a +0 hand axe,
                  | a scroll of teleportation, a +2 scale mail, a ration
     0 | D:1      | Reached XP level 1. HP: 18/18 MP: 1/1
   183 | D:1      | Reached XP level 2. HP: 18/25 MP: 2/2
   820 | D:2      | Reached XP level 3. HP: 22/30 MP: 3/3
  1642 | D:2      | Reached XP level 4. HP: 29/38 MP: 4/4
  2031 | D:2      | Found a stormy altar of Qazlal.
  3212 | D:3      | Noticed Ijyb
  3219 | D:3      | Reached XP level 5. HP: 38/45 MP: 5/5
  3221 | D:3      | Killed Ijyb
  3533 | D:3      | Found a white marble altar of Elyvilon.
  3557 | D:3      | Became a worshipper of Elyvilon the Healer
  4127 | D:4      | Noticed a moth of wrath
  4130 | D:4      | Found a bloodstained altar of Trog.
  4170 | D:4      | Reached XP level 6. HP: 29/52 MP: 6/6
  4340 | D:4      | Reached skill level 1 in Evocations
  4634 | D:4      | Reached * piety under Elyvilon
  4658 | D:5      | Entered Level 5 of the Dungeon
  5032 | D:5      | Reached XP level 7. HP: 44/60 MP: 8/8
  5113 | D:5      | Reached skill level 5 in Axes
  5317 | D:5      | Found a shattered altar of Ashenzari.
  5318 | D:5      | Found an ornate altar of the Wu Jian Council.
  5766 | D:5      | Found Jiazxuh's Antique Weapon Boutique.
  5788 | D:5      | Reached skill level 5 in Fighting
  5855 | D:5      | Reached skill level 5 in Armour
  6009 | D:5      | Reached XP level 8. HP: 68/68 MP: 10/10
  6052 | D:6      | Found Sunov's Food Shop.
  6295 | D:6      | Found the +4 Cigotuvi's embrace {rRot *Drain rN+}
  6538 | D:5      | Reached skill level 1 in Invocations
  6618 | D:6      | HP: 2/102 [orc wizard/uncursed staff of air (5)]
  6619 | D:6      | Elyvilon protects you from harm!
  6623 | D:6      | HP: 1/102 [orc warrior/+0 dire flail (2)]
  6626 | D:6      | Mangled by an orc warrior

Illustrated notes

Levels and vault maps discovered:
D:1:      lightli_arrival_statue_moat, layout_basic
D:2:      layout_loops_corners, nicolae_qazlal_general_emergency,
          wander_ebering_terrifying_dragon_lair
D:3:      layout_loops_cross, elyvilon_altar_5, first_ration, uniq_ijyb
D:4:      layout_basic, tgw_trog
D:5:      layout_basic, gammafunk_temple_overflow_statue, serial_shops,
          nicolae_shop_window_shopping, minmay_misc_feat_tower
D:6:      layout_cave_pools, serial_shops, shop_statue, lemuel_tele_altar,
          uniq_prince_ribbit1

Skill      XL: |  1  2  3  4  5  6  7  8 |
---------------+-------------------------+-----
Axes           | 3 4 6 |  6.2
Fighting       | 3 4 5 |  5.1
Armour         | 3 4 5 6 |  6.1
Throwing       | 2 3 |  3.0
Dodging        | 2 |  2.2
Evocations     | 1 3 |  3.2
Invocations    | 1 |  1.3
Long Blades    | |  1.1
Stealth        | |  0.9
Shields        | |  1.1

Action                   |  1- 3 |  4- 6 |  7- 9 || total
-------------------------+-------+-------+-------++-------
Melee: Hand axe          |   175 |   186 |   152 ||   513
       Dagger            |       |    30 |       ||    30
Throw: Dart              |       |     2 |       ||     2
       Boomerang         |       |     1 |       ||     1
  Use: Potion            |     1 |     1 |     2 ||     4
       Scroll            |       |     9 |     2 ||    11
  Eat: Chunk             |     3 |    10 |     4 ||    17
Armor: Scale mail        |    92 |    10 |       ||   102
       Leather armour    |       |    69 |    73 ||   142
Dodge: Dodged            |   110 |   134 |    96 ||   340
